[Event "TAO 38"]
[Site "?"]
[Date "2008.07.12"]
[Round "3"]
[White "McNeill, Jonathon"]
[Black "Campbell, William"]
[Result "1-0"]
[ECO "B09"]
[WhiteElo "1861"]
[BlackElo "1762"]
[Annotator "Fritz 11 (60s)"]
[PlyCount "121"]
[SourceDate "2006.11.11"]
[TimeControl "180"]

{119MB, RybkaII.ctg, JONATHON-5DE1DD B09: Pirc Defence: Austrian Attack} 1. e4
d6 2. d4 Nf6 3. Nc3 g6 4. f4 Bg7 5. Nf3 Nbd7 6. Bd3 O-O 7. O-O {
Black has a cramped position. Black's piece can't move: c8} Ne8 $146 (7... c5
8. e5 (8. Kh1 a6 9. a4 cxd4 10. Nxd4 Qc7 11. Qe1 e5 12. Nde2 exf4 13. Nxf4 Re8
14. Qh4 Qa5 15. Nfd5 Nxd5 16. Nxd5 Re5 17. b4 Rh5 18. Qxh5 gxh5 19. bxa5 Bxa1
20. Be3 Be5 21. Nc7 Rb8 22. Ba7 b6 {
Meyer-Gubler,T/Donaueschingen 1985/GER/1-0 (42)}) 8... Ne8 9. exd6 Nxd6 10. Be3
c4 11. Be2 b5 12. Ne5 Qc7 13. Nd5 Qb7 14. Bf3 Nxe5 15. Nf6+ exf6 16. Bxb7 Bxb7
17. dxe5 Nf5 18. Bf2 fxe5 19. fxe5 Rad8 20. Qe1 a6 21. Rd1 Rde8 22. Rd7 {
Savereide,D (2165)-Vujosevic,S (2120)/Tbilisi 1976/MCD/1-0 (40)}) (7... e5 8.
Be3 Ng4 9. Qd2 Nxe3 10. Qxe3 exd4 11. Nxd4 Nc5 12. Bc4 c6 13. Rfd1 Bg4 14. Rd2
Re8 15. Nf3 Bxc3 16. bxc3 Rxe4 17. Bxf7+ Kxf7 18. Qf2 Bxf3 19. Qxf3 Qe7 20. f5
Re1+ 21. Rxe1 Qxe1+ 22. Qf1 {
Lange,V (1295)-Dorn,M (1728)/Willingen 2005/CBM 106 ext/0-1}) (7... a6 8. a4 e6
9. a5 Qe7 10. Kh1 e5 11. dxe5 dxe5 12. f5 Nc5 13. fxg6 fxg6 14. Qe1 Nxd3 15.
cxd3 Rd8 16. Bg5 c6 17. Qh4 Rxd3 18. Nxe5 Qxe5 19. Bxf6 Bxf6 20. Qxf6 Qxf6 21.
Rxf6 {1/2-1/2 Arino Lison,J-Morchon Lopez,J/Aragon 1992/TD}) (7... e5 $5 $11)
8. Be3 $16 e5 9. dxe5 dxe5 10. Qe1 (10. f5 Nd6 $16) 10... c6 {Consolidates b5}
(10... exf4 11. Bxf4 Ne5 $14) 11. Rd1 (11. f5 Nd6 $16) 11... Qe7 (11... exf4
12. Bxf4 Qb6+ 13. Rf2 Qxb2 14. e5 $11) 12. fxe5 (12. f5 $142 $5 $16) 12... Nxe5
$11 {A sound move} 13. Kh1 Bg4 14. Qd2 {White has an active position} (14. Be2
Nxf3 15. gxf3 Be6 $11) 14... Rd8 (14... Nd6 15. Bg5 Qe6 16. b3 $15) 15. Qc1 (
15. Bxa7 Qb4 16. Nxe5 Bxd1 $15 (16... Bxe5 17. Qg5 Qa5 18. Qxg4 Qxa7 19. Qh4
$11)) 15... Bxf3 16. gxf3 Nxd3 17. cxd3 Bd4 18. Bxd4 Rxd4 19. Qe3 {
White threatens to win material: Qe3xd4} c5 {White has a new backward pawn: d3}
20. Ne2 Rd7 21. Rd2 (21. d4 cxd4 22. Rxd4 a6 $11) 21... Nc7 $15 22. Rfd1 Rfd8
23. d4 {White threatens to win material: d4xc5} Nb5 (23... cxd4 $5 24. Rxd4
Rxd4 25. Rxd4 Ne6 $11) 24. d5 $14 {White has a new protected passed pawn: d5}
Nc7 (24... Re8 25. a4 Nd6 26. Qxc5 $14) 25. Qf4 (25. Nc3 f6 $16) 25... Qd6 26.
Qxd6 Rxd6 27. Nc3 f6 28. Na4 b6 {Controls c5} 29. Nc3 Kf7 30. a4 a6 {Covers b5}
(30... R6d7 31. Kg2 $14) 31. Rc2 (31. f4 Re8 $16) 31... c4 32. Ne2 b5 {
Black threatens to win material: b5xa4} 33. b3 $1 {Deflection: c4} bxa4 $2 (
33... cxb3 34. Rc3 {Double attack} (34. Rxc7+ {Pinning}) (34. Rxc7+ {Deflection
}) (34. Rc3 {Decoy})) 34. bxc4 (34. bxa4 Ne8 35. Rxc4 $18) 34... a3 $2 (34...
Rb6 $142 $5 35. Ra1 Rb4 $16) 35. Ra1 Rb6 36. Rxa3 Ne8 (36... Ra8 37. c5 Rb5 38.
d6 $18) 37. Kg2 (37. c5 {makes it even easier for White} Rb1+ 38. Kg2 Ra8 $18)
37... Rc8 (37... f5 38. Nd4 Ra8 39. c5 $18) 38. c5 Rb5 39. c6 Ra8 40. Rca2 a5 (
40... Rb6 41. Nd4 $18) 41. Nd4 Rb4 42. Ra4 Rxa4 43. Rxa4 Ke7 44. Ne6 Kd6 45.
Kf2 Nc7 46. Nd4 Kc5 47. Ke3 Ne8 48. Kd3 (48. Ne6+ {might be the shorter path}
Kd6 49. Kd4 g5 $18) 48... Nc7 49. Rc4+ (49. Nb3+ $5 {
makes it even easier for White} Kb6 $18) 49... Kd6 50. Kc3 Rb8 $2 (50... a4 51.
Kb2 Rb8+ 52. Ka3 f5 $18) 51. Ra4 Nb5+ (51... Rb1 {
the last chance for counterplay} 52. Nb3 h5 53. Rxa5 Ke7 $18) 52. Nxb5+ Rxb5
53. Kd4 (53. Kc4 $142 {seems even better} Rb1 54. Rxa5 Rc1+ 55. Kd3 $18) 53...
Rc5 (53... g5 $18 {praying for a miracle}) 54. f4 h5 55. e5+ fxe5+ (55... Ke7 {
does not help much} 56. Kxc5 Ke8 57. e6 Ke7 58. c7 Kf8 59. c8=Q+ Kg7 60. e7 h4
61. e8=Q g5 62. Qf5 gxf4 63. Qfg6#) 56. fxe5+ Kc7 (56... Ke7 {
cannot undo what has already been done} 57. Kxc5 Kf8 58. c7 g5 59. c8=Q+ Kg7
60. Rxa5 g4 61. Ra7+ Kg6 62. Qe6+ Kg5 63. Qf6#) 57. Kxc5 g5 (57... Kd8 {
doesn't improve anything} 58. Rxa5 Ke8 59. Ra8+ Kf7 60. c7 Kg7 61. c8=Q Kh6 62.
Qf8+ Kg5 63. Ra4 h4 64. Qf6+ Kh6 65. Rxh4#) 58. Rxa5 g4 (58... Kd8 {
does not save the day} 59. Ra8+ Ke7 60. c7 h4 61. Rg8 g4 62. c8=Q g3 63. Qe6#)
59. Ra7+ (59. Ra8 g3 60. d6#) 59... Kc8 (59... Kd8 {
cannot undo what has already been done} 60. Kd6 Ke8 61. Rd7 h4 62. c7 g3 63.
c8=Q#) 60. d6 (60. Ra8+ Kc7 61. d6#) 60... h4 (60... Kb8 {
cannot change what is in store for ?} 61. Kb6 h4 62. d7 g3 63. d8=Q#) 61. Ra8#
1-0

[Event "TAO 38"]
[Site "?"]
[Date "2008.07.12"]
[Round "2"]
[White "McNeill, Jonathon"]
[Black "High, Zachary"]
[Result "1/2-1/2"]
[ECO "B02"]
[WhiteElo "1861"]
[BlackElo "1813"]
[Annotator "Fritz 11 (60s)"]
[PlyCount "93"]
[SourceDate "2006.11.11"]
[TimeControl "180"]

{119MB, Fritz11.ctg, JONATHON-5DE1DD B02: Alekhine's Defence: Chase Variation
and lines with early Nc3} 1. e4 c5 2. Nc3 e6 3. d3 Nc6 4. g3
Nf6 5. Bg2 Be7 6. f4 d5 7. e5 Nd7 8. Nf3 O-O 9. O-O f6 10. exf6 Bxf6 {
Black has a new backward pawn: e6} (10... Nxf6 11. Qe2 (11. Re1 Bd6 12. Ng5 Nd4
13. Be3 h6 14. Nh3 Bd7 15. Kh1 Qc7 16. g4 Nxc2 17. Qxc2 d4 18. g5 Ng4 19. Nd5
exd5 20. Bxd5+ Kh8 21. gxh6 Nxh6 22. Bxd4 cxd4 23. Qxc7 Bxc7 24. Re7 Bxh3 25.
Rg1 Bd8 {
Prados Montano,A (2203)-Colovic,A (2459)/Dos Hermanas 2006/CBM 111 ext/0-1})
11... Re8 12. Bd2 Bd6 13. h3 h6 14. Rae1 e5 15. fxe5 Nxe5 16. Nxe5 Rxe5 17. Qd1
a6 18. Bf4 Rxe1 19. Qxe1 Bxf4 20. Rxf4 d4 21. Nd5 Nxd5 22. Bxd5+ Kh8 23. Qe5 {
1-0 Balashov,Y (2545)-Schmidt,W (2485)/Halle 1976/MCL}) 11. Qe2 $146 (11. Re1
Re8 12. Kh1 a6 13. Qe2 Nf8 14. Nd1 e5 15. fxe5 Nxe5 16. Nf2 Nxf3 17. Qxe8 Nxe1
18. Qxe1 Be6 19. Nh3 Qd7 {
1/2-1/2 Posch,W (2180)-Enigl,K/Austria 1995/CBM 045 ext}) (11. Kh1 Nb6 12. a4
a5 13. Re1 Qd6 14. Nb5 Qb8 15. c3 Na7 16. Be3 Nxb5 17. Bxc5 Nxa4 18. Qxa4 Nd6
19. Ne5 Qc7 20. d4 b6 21. Ba3 Rd8 22. Qc6 Ra7 23. Qa4 Bxe5 24. Rxe5 Nc4 25. Re2
Bd7 {Zlatkovic,M (2131)-Damjanovic,L (2156)/Belgrade 2004/CBM 098 ext/1-0 (72)}
) 11... Qe8 (11... Nb6 $5 $11 {should be examined more closely}) 12. Re1 (12.
Nb5 $142 $5 Bd8 13. Re1 $16) 12... Nb6 $14 13. Nd1 (13. a4 Nd4 14. Nxd4 Bxd4+
15. Kf1 Bxc3 16. bxc3 Nxa4 $14) 13... Bd7 14. c3 {Controls b4+d4} Rb8 (14...
Qg6 15. Be3 d4 16. Bd2 $11) 15. Nf2 $14 Qg6 16. Bh3 {
Attacks the backward pawn on e6} (16. Be3 Na4 $14) 16... Rbe8 (16... e5 17.
fxe5 (17. Nxe5 $2 Bxe5 18. Bxd7 Nxd7 19. fxe5 Ndxe5 $19) 17... Nxe5 18. Bf4
Nxf3+ 19. Qxf3 Bxh3 20. Nxh3 $11) 17. Ng4 (17. Ne5 Bxe5 18. fxe5 $11) 17... Nc8
(17... e5 $142 {is the best option Black has} 18. Nxf6+ Qxf6 (18... gxf6 $143
19. Bxd7 Nxd7 20. Nh4 $16) 19. Bxd7 Nxd7 $15) 18. Nxf6+ $16 Rxf6 19. Kh1 (19.
b4 $5 cxb4 20. cxb4 $16) 19... N8e7 20. Nh4 {
White threatens to win material: Nh4xg6} Qf7 21. Bd2 b6 22. Qg2 Nf5 23. Nxf5
exf5 24. Rxe8+ Bxe8 25. Re1 Re6 26. Qf2 Bd7 27. Bg2 Rxe1+ 28. Qxe1 a5 (28... d4
29. c4 Qe8 30. Qxe8+ Bxe8 31. a3 $11) 29. Qd1 (29. d4 c4 $14) 29... d4 $11 {
Black gains space} 30. Qb3 Qxb3 {Black has a mate threat} 31. axb3 {
A minor pieces endgame occured} Kf7 32. Bd5+ Kf6 33. Kg2 Ne7 {
Black threatens to win material: Ne7xd5} 34. Bf3 g6 {Prevents intrusion on h5}
(34... Bc6 35. Be1 $15) 35. h3 (35. b4 cxb4 36. cxb4 a4 $11) 35... h5 (35...
Bc6 36. c4 $15) 36. Be1 $11 Be6 (36... Nc6 $142 $5 $11 {
and Black could well hope to play on}) 37. cxd4 $16 cxd4 38. Bf2 Kf7 39. Bxd4
Bxb3 (39... Nd5 $5 $16) 40. Bxb6 $18 a4 41. Kf2 (41. Bc5 Nd5 $18) 41... Ke6 (
41... Nd5 42. Ba5 $16) 42. Bc5 $18 Nd5 43. d4 (43. h4 $5 $18) 43... Nf6 $16 44.
Ke3 (44. Bc6 Ne4+ 45. Ke3 Nxg3 $16) 44... Nd5+ 45. Kd3 Nf6 (45... h4 $5 {
must definitely be considered} 46. gxh4 Nxf4+ 47. Ke3 Nd5+ 48. Kd2 Nf4 $14) 46.
Bc6 Nd7 (46... h4 47. gxh4 Nd5 48. Kd2 $16) 47. Bb5 1/2-1/2

[Event "TAO 37"]
[Site "?"]
[Date "2008.06.07"]
[Round "3"]
[White "Campbell, William"]
[Black "McNeill, Jonathon"]
[Result "0-1"]
[ECO "B01"]
[WhiteElo "1850"]
[BlackElo "1616"]
[Annotator "Fritz 11 (60s)"]
[PlyCount "146"]
[SourceDate "2006.11.11"]
[TimeControl "180"]

{119MB, Fritz11.ctg, JONATHON-5DE1DD B01: Scandinavian Defence} 1. e4 d5 2.
exd5 Qxd5 3. Nc3 Qd6 4. Nf3 Nf6 5. Bc4 a6 6. a4 (6. O-O b5 7. Bb3 Bb7 8. d3 e6
9. Qe2 Be7 10. a4 b4 11. Ne4 Nxe4 12. dxe4 Nd7 13. Re1 Nc5 14. Nd2 O-O 15. f3
Bh4 16. Rf1 Qd4+ 17. Kh1 Qe5 18. Nc4 Qh5 19. g4 Qg6 20. Ne5 Qf6 {
Ivanovic,B (2501)-Benkovic,P (2469)/Subotica 2003/CBM 095/1/2-1/2 (51)}) 6...
Bg4 7. h3 (7. O-O e6 8. h3 Bh5 9. Qe2 Be7 10. b3 Qc6 11. Bb5 axb5 12. axb5 Bxf3
13. gxf3 Qxc3 14. Rxa8 Qxc2 15. Rxb8+ Bd8 16. Qc4 Qg6+ 17. Kh2 O-O 18. Ba3 Re8
19. Rg1 Qf5 20. Qd4 c5 21. Qd6 Qd5 {
Khanamiryan,A (1877)-Boric,M (1652)/Sibenik 2007/CBM 120 ext/1-0}) 7... Bh5 8.
Qe2 $146 (8. g4 Bg6 9. d3 Nc6 10. Qe2 e6 11. Bd2 O-O-O 12. O-O-O Qc5 13. Rde1
Qa5 14. Bb3 Bb4 15. Rhg1 Nd7 16. Ne4 Bxe4 17. Qxe4 Nc5 18. Bxb4 Nxb3+ 19. cxb3
Qxb4 20. Qc4 Rd5 21. Kb1 Qb6 22. Qf4 Qxb3 {
Lematschko,T (2267)-Danielian,E (2437)/Mallorca 2004/CBM 102 ext/0-1 (51)})
8... Nc6 9. Ne4 Nxe4 10. Qxe4 Bg6 {Black threatens to win material: Bg6xe4} 11.
Qe2 e6 {Secures d5} 12. c3 {Covers b4+d4} Na5 13. Ne5 Nxc4 14. Nxc4 {
Black has the pair of bishops} Qd3 15. Ne5 Qxe2+ 16. Kxe2 c5 17. h4 f6 (17...
Bf5 18. d3 $15) 18. Nxg6 $11 hxg6 19. d3 Rd8 20. Bd2 Kf7 21. Rh3 Be7 22. Rah1
Rd5 23. c4 {White threatens to win material: c4xd5} Rdh5 24. g3 (24. f4 $5 $11)
24... g5 $15 25. f3 (25. Be1 g4 26. R3h2 e5 $15) 25... f5 26. Be1 (26. f4 gxh4
27. Be3 e5 $17) 26... gxh4 $17 27. f4 g5 {Begins the manoeuvre Bg7-g5-e7-f6-d4}
(27... e5 28. fxe5 g5 29. R3h2 $17) 28. fxg5 $15 Bxg5 29. gxh4 {
White has a new passed pawn: h4. Black has a new protected passed pawn: f5.}
Be7 30. Bg3 Rg8 31. Kf3 Bf6 32. b3 Bd4 {Black can be proud of that piece} 33.
Re1 Kf6 34. Bf4 Rg4 {Black threatens to win material: Rg4xh4} (34... e5 35.
Bg5+ Ke6 36. Reh1 $17) 35. Bg5+ $15 {Menacing} Kf7 36. Rg3 Rxg3+ 37. Kxg3 Bf6
38. Bxf6 Kxf6 {A rook endgame occured} 39. Re2 (39. Rh1 a5 $15) 39... e5 (39...
Rh7 $5 $17) 40. Rh2 $15 Rh8 41. Rf2 $2 (41. Kf3 $142 $5 $15 {
and White can hope to survive}) 41... f4+ $19 42. Kh3 (42. Kg4 Rg8+ 43. Kf3
Rg3+ 44. Ke2 Rh3 $19) 42... Rg8 43. Rg2 $4 {
the pressure is too much, White crumbles} (43. Rd2 $19) 43... Rxg2 44. Kxg2 a5
45. Kh2 Kg6 46. Kg2 Kh5 47. Kh3 b6 48. Kg2 Kxh4 49. Kf3 Kg5 50. Ke4 Kg4 51.
Kxe5 f3 52. Kd6 f2 53. Kc6 f1=Q 54. Kxb6 Qxd3 55. Kxc5 Qxb3 56. Kd4 (56. Kd5 {
does not help much} Kg3 57. Ke6 Qxa4 58. c5 Qc6+ 59. Ke5 Qxc5+ 60. Ke6 a4 61.
Kf6 a3 62. Ke6 a2 63. Kd7 Qd5+ 64. Kc7 a1=Q 65. Kc8 Qg7 66. Kb8 Qgb7#) 56...
Qxa4 57. Kd5 Qb4 58. c5 a4 59. c6 Qb5+ 60. Kd6 Qxc6+ $1 {
it's best to give back material.} 61. Kxc6 a3 62. Kb5 a2 63. Kb4 (63. Kc5 {
does not save the day} a1=Q 64. Kd5 Qa5+ 65. Kd6 Kf5 66. Kc6 Ke6 67. Kb7 Kd6
68. Kb8 Kc6 69. Kc8 Qc7#) 63... a1=Q 64. Kb5 Qc1 (64... Kf4 65. Kc6 Ke5 66. Kb5
Qd4 67. Kc6 Qb4 68. Kc7 Qb5 69. Kd8 Qb7 70. Ke8 Ke6 71. Kd8 Qd7#) 65. Kb4 (65.
Kb6 {doesn't change anything anymore} Qe3+ 66. Ka6 Kf3 67. Kb7 Qe6 68. Kc7 Ke4
69. Kb7 Qd6 70. Kc8 Qe7 71. Kb8 Kd5 72. Kc8 Kc6 73. Kb8 Qb7#) 65... Qc6 66. Kb3
Qc5 (66... Kf5 67. Kb4 Qd6+ 68. Kc4 Ke4 69. Kc3 Qc7+ 70. Kb4 Qb6+ 71. Kc4 Qa5
72. Kb3 Kd3 73. Kb2 Qa4 74. Kb1 Kc3 75. Kc1 Qc2#) 67. Kb2 (67. Ka4 {
cannot undo what has already been done} Kf4 68. Kb3 Qb5+ 69. Kc2 Ke4 70. Kc3
Ke3 71. Kc2 Qb4 72. Kc1 Kd3 73. Kd1 Qd2#) 67... Qc4 68. Kb1 (68. Ka3 {
doesn't get the cat off the tree} Kf4 69. Kb2 Ke3 70. Ka3 Qb5 71. Ka2 Kd4 72.
Ka3 Kc3 73. Ka2 Qb2#) 68... Qe2 69. Ka1 Kf3 70. Kb1 Ke3 71. Ka1 Kd3 72. Kb1 Kc3
73. Ka1 (73. Kc1 {doesn't get the bull off the ice} Qc2#) 73... Qb2# 0-1

[Event "TAO 37"]
[Site "?"]
[Date "2008.06.07"]
[Round "1"]
[White "McNeill, Jonathon"]
[Black "Dejong, Andrew"]
[Result "1/2-1/2"]
[ECO "B25"]
[WhiteElo "1850"]
[BlackElo "1677"]
[Annotator "Fritz 11 (60s)"]
[PlyCount "123"]
[SourceDate "2006.11.11"]
[TimeControl "180"]

{119MB, Fritz11.ctg, JONATHON-5DE1DD B25: Closed Sicilian: 3 g3, lines without
early Be3} 1. e4 c5 2. Nc3 Nc6 3. d3 e6 4. f4 d6 5. Nf3 g6 6. g3 Bg7 7. Bg2
Nge7 8. O-O O-O 9. Be3 Qb6 10. Rb1 a6 $146 {Covers b5} (10... Bd7 11. e5 (11.
Kh1 Rac8 12. Qe1 Nd4 13. Qf2 Nec6 14. a3 Nxf3 15. Bxf3 Nd4 16. Bg2 Qa6 17. h3
f5 18. Kh2 b5 19. exf5 Nxf5 20. Ne4 Nxe3 21. Qxe3 Bd4 22. Qd2 d5 23. Ng5 Qd6
24. Nf3 Bg7 25. c3 d4 {Abdulghafour,Y-Powell,J/Manila 1992/TD/1-0 (56)}) 11...
dxe5 12. Na4 Qc7 13. Nxc5 Nd5 14. Bd2 Qb6 15. d4 Be8 16. Na4 Qc7 17. c4 e4 18.
Ne5 Nxe5 19. cxd5 Nf3+ 20. Bxf3 exf3 21. Be3 exd5 22. Nc3 Bd7 23. Qxf3 Rfe8 24.
Rbc1 Qb6 25. Nxd5 {Leimand,P (2092)-Milov,V (2592)/Zwolle 2003/CBM 093 ext/0-1}
) (10... Nd4 11. Ne2 f5 12. c3 Nxf3+ 13. Bxf3 Kh8 14. g4 Qc7 15. h3 e5 16. Qd2
Be6 17. c4 Nc6 18. exf5 gxf5 19. g5 Qf7 20. h4 e4 21. dxe4 fxe4 22. Bxe4 Bxc4
23. b3 d5 24. Bf3 Bxe2 25. Bxe2 {
Peniska,P (2017)-Grabarczyk,S/Klatovy 2007/CBM 119 ext/1/2-1/2 (48)}) (10...
Rd8 11. a3 d5 12. Bf2 d4 13. Ne2 Qc7 14. e5 b6 15. Nd2 h5 16. Ne4 Nd5 17. h3
Rb8 18. Qd2 Bb7 19. g4 hxg4 20. hxg4 Ba8 21. Bh4 Rf8 22. Qe1 Qd7 23. Bf6 Qc7
24. Qh4 Rfc8 25. Bxg7 {
Matta,F (1841)-Chiarion,E (1636)/Bratto 2006/CBM 113 ext/1-0 (40)}) (10... Bd7
11. Ne2 a5 12. d4 $11) 11. Qd2 Nd4 (11... d5 12. Na4 Qb5 13. b3 $11 (13. Nxc5
$143 d4 14. Nxd4 Bxd4 $17 (14... Qxc5 {is no comparison} 15. Nxe6 Qb4 16. c3
$18))) 12. Ne2 (12. b4 Nec6 13. e5 dxe5 (13... cxb4 $2 {is a blank shot} 14.
Nxd4 Nxd4 15. Na4 $18) (13... Nxb4 {again, the pawn cannot be taken} 14. Bxd4
cxd4 15. Ne4 $18) 14. fxe5 Nxf3+ (14... Nxb4 {
once again taking the pawn will bring Black grief} 15. Bxd4 cxd4 16. Ne4 $18)
15. Rxf3 Bxe5 $16) 12... Nec6 (12... a5 13. c3 Nxe2+ 14. Qxe2 $11) 13. c3 {
Prevents intrusion on b4} (13. b4 Nxf3+ 14. Bxf3 Nd4 $14 (14... Nxb4 $2 {
doesn't work because of} 15. a3 $18)) 13... Nxe2+ 14. Qxe2 Qc7 15. Rbd1 b6 16.
d4 cxd4 17. cxd4 a5 18. Rfe1 (18. Qc2 Qd7 $11) 18... Ba6 19. Qc2 Qb7 20. Bf1 (
20. Qb3 $5 $14 {is worth consideration}) 20... Bxf1 $15 21. Kxf1 Nb4 {
Black threatens to win material: Nb4xc2} 22. Qb1 Rac8 23. Rd2 Rc7 (23... d5 24.
e5 $11) 24. a3 $11 {White threatens to win material: a3xb4} Nc6 (24... Na6 25.
d5 exd5 26. Rxd5 $11) 25. Qd3 (25. d5 $5 {must be considered} Nd8 26. Kg2 $16)
25... d5 26. Rc2 dxe4 27. Qxe4 Ne7 28. Qxb7 Rxb7 29. Rec1 Nf5 {
Black threatens to win material: Nf5xe3} 30. Ke2 Rd8 {
Increasing the pressure on the isolated pawn on d4} 31. Kd3 {
White king safety dropped} Rbd7 32. Rc8 Nxe3 (32... Ne7 33. Rxd8+ Rxd8 34. Rc7
$11) 33. Rxd8+ $14 Rxd8 34. Kxe3 Rb8 35. Rc7 h6 {Secures g5} 36. Ne5 Bxe5 37.
dxe5 b5 38. b3 b4 $2 {Black gets more space} (38... Kg7 $142 $5 $14 {
should be investigated more closely}) 39. a4 $16 Rd8 (39... g5 40. fxg5 hxg5
41. Ra7 $18) 40. Rc5 $18 Rd1 $2 (40... Ra8 $142 $5 41. Kd4 g5 $18) 41. Rxa5 Rb1
42. Rb5 Rxb3+ 43. Kd4 Rb2 (43... Kf8 44. Kc5 $18) 44. Kc4 Rxh2 (44... Ra2 45.
Kb3 Ra1 46. Kxb4 $18) 45. Rxb4 Rg2 (45... g5 {doesn't do any good} 46. a5 $18)
46. Rb3 (46. a5 $5 {keeps an even firmer grip} Rxg3 47. Ra4 Rg1 $18) 46... Kf8
47. Kb5 (47. a5 $142 {and White can already relax} Ke7 48. a6 $18) 47... Ke7
48. Rd3 (48. a5 $5 Kd7 49. Kb6 $16) 48... Rb2+ $14 49. Ka6 f6 50. exf6+ Kxf6
51. a5 g5 52. fxg5+ hxg5 {Black has a new passed pawn: e6. .} 53. Ka7 Kf5 54.
a6 {A strong pawn} g4 55. Re3 e5 56. Ka8 Rb6 57. a7 Rb4 {
Black prepares the advance e4} 58. Rc3 Ke4 59. Rc6 Kf3 {
Black threatens to win material: Kf3xg3} 60. Rc3+ Kf2 61. Ra3 e4 62. Rc3
1/2-1/2

[Event "TAO 37"]
[Site "?"]
[Date "2008.06.07"]
[Round "2"]
[White "Williams, Larry"]
[Black "McNeill, Jonathon"]
[Result "0-1"]
[ECO "D03"]
[WhiteElo "1750"]
[BlackElo "1850"]
[Annotator "Fritz 11 (60s)"]
[PlyCount "100"]
[SourceDate "2006.11.11"]
[TimeControl "180"]

{119MB, Fritz11.ctg, JONATHON-5DE1DD D03: 1 d4 d5 2 Nf3 Nf6 3 Bg5, including
Torre Attack with early ...d5} 1. Nf3 d5 2. d4 Nf6 3. Bg5 Nbd7 4. Nbd2 e6 5. e3
Be7 6. Bd3 h6 7. Bxf6 (7. Bf4 c5 (7... O-O 8. Ne5 Nxe5 9. dxe5 Nh7 10. h4 b6
11. Qh5 f5 12. O-O-O Bd7 13. Rdg1 c5 14. Qf3 c4 15. Be2 c3 16. Nb3 cxb2+ 17.
Kb1 Be8 18. Nd4 Qc8 19. g4 Kh8 20. g5 g6 21. h5 Rg8 22. hxg6 {
Yee,S-Courtney,H (1980)/Wanganui 2007/CBM 116 ext/1-0}) 8. c3 b6 9. Ne5 Nxe5
10. Bxe5 O-O 11. f4 Bb7 12. Qf3 Ne4 13. f5 Qc8 14. Qg4 Bg5 15. f6 Nxf6 16. Qg3
Ne8 17. h4 Bf6 18. Bf4 Kh8 19. O-O Ba6 20. Bxa6 Qxa6 21. e4 cxd4 {
Wesseln,K (2315)-Finegold,B (2445)/Germany 1990/GER-chT/0-1 (57)}) 7... Nxf6 8.
h3 $146 {Consolidates g4} (8. O-O O-O 9. Ne5 c5 10. c3 Bd7 11. f4 Rc8 12. g4
Be8 13. Kh1 Nd7 14. Ndf3 Nxe5 15. Nxe5 g5 16. Bc2 Kg7 17. Qd3 Rh8 18. f5 c4 19.
Qe2 f6 20. Ng6 Bxg6 21. fxg6 Qd6 22. Rae1 Rc7 {
Peralta,E (2285)-Sedeno,A/Moscow 1994/CBM 044 ext/0-1 (43)}) 8... b6 9. c3 {
Consolidates b4} Bb7 10. Ne5 O-O 11. O-O c5 12. b3 Rc8 13. Qe2 (13. Rc1 cxd4
14. exd4 Ne4 15. Bxe4 dxe4 $15) 13... Bd6 (13... cxd4 14. cxd4 Qc7 15. f4 $15)
14. Ndf3 (14. Rac1 Qe7 $11) 14... Bb8 (14... cxd4 15. cxd4 Qc7 16. a3 $15) 15.
g3 (15. Rac1 Ne4 $15) 15... Ne4 $15 {Black threatens to win material: Ne4xc3}
16. Rac1 Qd6 17. Bxe4 dxe4 {Black has new doubled pawns: e4+e6} 18. Nh2 (18.
Nd2 cxd4 19. cxd4 Qd5 $17) 18... Rfd8 $17 19. Rfd1 Qe7 20. Qh5 (20. h4 Bc7 $17)
20... f6 21. Ng6 Qf7 22. Nf4 Qxh5 23. Nxh5 cxd4 24. cxd4 Kf7 25. Ng4 $4 {
the final mistake, not that it matters anymore} (25. g4 $142 $5 $17) 25... Ba6
(25... Rxc1 $142 {might be the shorter path} 26. Rxc1 e5 27. dxe5 fxe5 28.
Nxh6+ gxh6 29. Rc2 $19) 26. Nf4 Bxf4 $4 {forfeits the advantage} (26... Rxc1
$142 {and Black can look forward to a comfortable game} 27. Rxc1 e5 28. dxe5
fxe5 $19) 27. gxf4 $17 h5 {Black threatens to win material: h5xg4} 28. Nh2 g6
29. Nf1 Bxf1 (29... e5 30. fxe5 fxe5 31. Rxc8 Bxc8 32. Ng3 Bxh3 33. Nxe4 $15)
30. Kxf1 $11 {A double rook endgame occured} Ke7 31. f3 exf3 32. Kf2 {
White threatens to win material: Kf2xf3} Kd7 33. Kxf3 Rxc1 34. Rxc1 Rc8 35.
Rxc8 Kxc8 {A pawn endgame occured} 36. Ke4 Kd7 37. d5 Kd6 38. dxe6 Kxe6 39. f5+
$4 {lets it slip away} (39. Kf3 $142 $11 {saving the game}) 39... gxf5+ $19 40.
Kf4 (40. Kf3 {there is nothing better in the position} Ke5 41. h4 $19) 40... h4
41. e4 fxe4 42. Kxe4 f5+ 43. Kf4 Kf6 44. a3 a6 45. Ke3 Ke5 46. Kf3 f4 47. Kf2
Ke4 48. Ke2 (48. Ke1 {is no salvation} f3 49. Kd2 Kd4 50. Kc2 f2 51. b4 f1=Q
52. b5 a5 53. a4 Qc4+ 54. Kb2 Qxa4 55. Kc1 Kc3 56. Kb1 Qc2+ 57. Ka1 Qb2#) 48...
f3+ 49. Kf2 (49. Kd2 {doesn't change the outcome of the game} Kd4 50. Kc2 f2
51. Kd2 f1=Q 52. a4 Qd3+ 53. Kc1 Kc3 54. b4 Qc2#) 49... Kf4 50. b4 (50. Ke1 {
is not the saving move} Ke3 51. Kd1 f2 52. Kc2 f1=Q 53. b4 Qg2+ 54. Kc3 b5 55.
Kb3 Qd2 56. a4 bxa4+ 57. Ka3 Qc2 58. b5 Qb3#) 50... b5 (50... b5 51. a4 bxa4
52. b5 axb5 53. Ke1 Ke3 54. Kf1 a3 55. Kg1 f2+ 56. Kg2 a2 57. Kh2 a1=Q 58. Kg2
Qg1#) 0-1